 Dungeon Crawl Stone Soup version 0.31-a0-596-g831eee08f1 (webtiles) character file.

Game seed: 13187198642581115238

140 Fodor the Trooper (level 5, -5/47 HPs)
             Began as a Minotaur Fighter on Aug 20, 2023.
             Slain by a +4 spectral club (7 damage)
             ... created by Ijyb
             ... on level 3 of the Dungeon.
             The game lasted 00:10:32 (1767 turns).

Fodor the Trooper (Minotaur Fighter)                Turns: 1767, Time: 00:10:34

Health: -5/47      AC: 20    Str: 21    XL:     5   Next: 2%
Magic:  4/4        EV:  6    Int:  5    God:
Gold:   98         SH:  0    Dex: 11    Spells: 4/4 levels left

rFire   x . .        o - +1 flail (protect)
rCold   + . .        c - +0 buckler
rNeg    . . .        e - +0 plate armour
rPois   .            (helmet restricted)
rElec   .            (no cloak)
rCorr   .            j - +0 pair of gloves
SInv    .            (no boots)
Will    .....        (no amulet) Stlth
                     i - ring of ice
HPRegen 0.27/turn    (no ring)
MPRegen 0.09/turn

%: no passive effects
@: confused, mighty, under a protective aura
A: horns 2, retaliatory headbutt
a: no special abilities


You were on level 3 of the Dungeon.
You visited 1 branch of the dungeon, and saw 3 of its levels.

You collected 122 gold pieces.
You spent 24 gold pieces at shops.

Inventory:

Hand Weapons
 o - a +1 flail of protection (weapon)
Missiles
 g - 4 poisoned darts (quivered)
 l - 6 javelins
Armour
 c - a +0 buckler (worn)
 e - a +0 plate armour (worn)
 j - a +0 pair of gloves (worn)
Jewellery
 i - a ring of ice (left hand)
Talismans
 k - a beast talisman
Scrolls
 h - 4 scrolls of identify
 m - 2 scrolls of revelation
 n - a scroll of vulnerability {unknown}
Potions
 a - a potion of invisibility {unknown}
 b - a potion of attraction {unknown}
 f - a potion of curing {unknown}


   Skills:
 + Level 4.6 Fighting
 + Level 4.2 Long Blades
 + Level 4.5 Armour
 + Level 0.3 Dodging
 + Level 4.3 Shields


You had 4 spell levels left.
You didn't know any spells.
Your spell library contained the following spells:

 Spells                   Type           Power      Damage    Failure   Level
 Necrotise                Necr           0%         1d4       100%        1
 Sting                    Tmut/Pois      0%         1d3       100%        1
 Poisonous Vapours        Pois/Air       0%         N/A       100%        2
 Vampiric Draining        Necr           0%         2d6       100%        3
 Olgreb's Toxic Radiance  Pois           0%         N/A       100%        4
 Agony                    Necr           0%         N/A       100%        5


Dungeon Overview and Level Annotations

Branches:
Dungeon (3/15)

Altars:

Shops:
D:2 ?

Annotations:
D:3 Ijyb


Innate Abilities, Weirdness & Mutations

You have a pair of horns on your head.
You reflexively headbutt those who attack you in melee.


Message History

Ijyb screams, "Die!"
Ijyb hits you but does no damage. The +4 spectral club hits you!
Ijyb hits you but does no damage.
The +4 spectral club hits you but does no damage.
A +4 spectral club comes into view.
You thump Ijyb!
Ijyb is heavily wounded.
Ijyb zaps a wand.
You resist with some effort.
You barely miss Ijyb.
Ijyb is heavily wounded.
Ijyb barely misses you.
The +4 spectral club hits you but does no damage.
A +4 spectral club comes into view.
You sock Ijyb!
Ijyb is severely wounded.
Ijyb zaps a wand.
Your will is overpowered!
You are confused.
The +4 spectral club disappears.
Ijyb hits you but does no damage. The +4 spectral club hits you!
A +4 spectral club comes into view.
You hit Ijyb but do no damage.
Ijyb is severely wounded.
The +4 spectral club hits you but does no damage.
The +4 spectral club hits you! The +4 spectral club hits you.
Ijyb hits you but does no damage.
The +4 spectral club hits you but does no damage. x2
Ijyb hits you with a +4 spectral club!
* * * LOW HITPOINT WARNING * * *
The +4 spectral club hits you.
* * * LOW HITPOINT WARNING * * *
Ijyb hits you but does no damage.
The +4 spectral club hits you but does no damage.
You feel very mighty all of a sudden.
The +4 spectral club hits you but does no damage.
The +4 spectral club hits you.
* * * LOW HITPOINT WARNING * * *
Ijyb zaps a wand.
Your will is overpowered!
You are more confused.
The +4 spectral club hits you!
You die...

##...#.........##.#####
##.#...###..##........#
##.##### #..#####.###.###
...# #..............# ##.#
#.######.###.#.# #.# #.#
#.#...#.# #†#
#.######..###..#
#.#######..<..(..## ##.#
#.............g@.# #.#
######.#.......##.## #.##...
#......#.......##..###.....g.
#.######.......##.#...### #.#
#.......##.###)# #.#
#..(.[.....# #.# #.#
############ #.# #.# #.# #.#
#.#


You could see a +4 spectral club and Ijyb.

Vanquished Creatures
  Terence (D:3)
  3 gnolls
  2 adders (D:2)
  A dart slug (D:1)
  An orc (D:2)
  7 ball pythons
  3 endoplasms (D:1)
  5 giant cockroaches
  6 goblins
  5 hobgoblins
  6 jackals (D:1)
  7 kobolds
  2 quokkas
  5 bats
  4 frilled lizards
  3 rats
61 creatures vanquished.

Notes
Turn   | Place    | Note
-------+----------+-------------------------------------------
     0 | D:1      | Fodor the Minotaur Fighter began the quest for the Orb.
     0 | D:1      | Reached XP level 1. HP: 19/19 MP: 0/0
   257 | D:1      | Reached XP level 2. HP: 27/27 MP: 1/1
   535 | D:1      | Reached XP level 3. HP: 33/33 MP: 2/2
   955 | D:2      | Reached XP level 4. HP: 38/41 MP: 3/3
  1037 | D:2      | Identified the +1 leather armour of Untruth {Int-3 Dex+7}
  1160 | D:2      | Found Amosm's Magic Scroll Shoppe.
  1250 | D:2      | Bought a scroll of identify for 24 gold pieces
  1468 | D:3      | Noticed Terence
  1497 | D:3      | Killed Terence
  1522 | D:3      | Reached XP level 5. HP: 18/47 MP: 4/4
  1755 | D:3      | Noticed Ijyb
  1767 | D:3      | HP: 2/47 [+4 spectral club[Ijyb] (4)]
  1767 | D:3      | Slain by a +4 spectral club

Illustrated notes

Levels and vault maps discovered:
D:1:      dpeg_arrival_renting, layout_basic, minmay_pentomino_u4
D:2:      layout_basic, serial_shops, nicolae_shop_peninsula, item_on_display_a
D:3:      layout_loops_cross, ebering_ghost_sewer_f, serial_shops,
          nicolae_shop_tiny_statue_garden, uniq_sigmund, uniq_jessica,
          uniq_ijyb, uniq_terence

Skill      XL: |  1  2  3  4 |
---------------+-------------+-----
Fighting       | 4 |  4.6
Long Blades    | 3 4 |  4.2
Shields        | 4 |  4.3
Armour         | 4 |  4.5
Dodging        | |  0.3

Action                     |  1- 3 |  4- 6 || total
---------------------------+-------+-------++-------
  Melee: Long sword        |    89 |    52 ||   141
         Headbutt          |    17 |     7 ||    24
         Flail             |       |    10 ||    10
  Throw: Dart              |       |     1 ||     1
    Use: Scroll            |       |     1 ||     1
         Potion            |       |     1 ||     1
 Armour: Plate armour      |   111 |    51 ||   162
  Dodge: Dodged            |    36 |    17 ||    53
  Block: Buckler           |    36 |    17 ||    53

Table legend: (Time is in decaauts)
 A = Elapsed time spent in this place.
 B = Non-inter-level travel time spent in this place.
 C = Inter-level travel time spent in this place.
 D = Time resting spent in this place.
 E = Time spent auto-exploring this place.
 F = Levels seen in this place.
 G = Mean time per level.
                   A        B        C        D        E       F      G
               +--------+--------+--------+--------+--------+-----+--------+
         Total |   1807 |   1752 |     55 |    232 |      0 |   3 |  602.3 |
       Dungeon |   1807 |   1752 |     55 |    232 |      0 |   3 |  602.3 |
               +--------+--------+--------+--------+--------+-----+--------+

Top non-repeatable levels by time:
     D:1: 865 daAuts
     D:2: 615 daAuts
     D:3: 325 daAuts
